Map: Eternal Empire LE

Players

Hurricane

  • Race: Protoss Protoss
  • Spawn Location: 1:00

SpeCial - Winner!

  • Race: Terran Terran
  • Spawn Location: 7:00

Event: IEM Katowice 2020

VOD

Have the link to the VOD?

Description

Time

  • Played on: Feb. 25, 2020, 7:20 a.m.
  • Length: 9:06

All games in this series

Show
View Real Time Build Order
Export as new Build Order

Hurricane Protoss 

Build Orders: 1 Gate Expand, Phoenix Opening, Chargelot Immortal 

Get SALT Encoding   

  12  0:00  Probe  
  13  0:12  Probe  
  14  0:17  Pylon  
  14  0:24  Probe (Chrono Boost)  
  15  0:36  Gateway  
  15  0:37  Probe (Chrono Boost)  
  16  0:44  Probe (Chrono Boost)  
  16  0:46  Assimilator  
  17  0:51  Probe  
  18  1:03  Probe  
  19  1:15  Probe  
  20  1:23  Nexus  
  20  1:34  Cybernetics Core  
  20  1:36  Probe  
  21  1:41  Assimilator  
  21  1:48  Probe  
  21  1:51  Pylon  
  22  2:00  Probe  
  23  2:07  Adept (Chrono Boost)  
  23  2:10  Warp Gate  
  23  2:12  Probe  
  26  2:24  Probe  
  26  2:26  Robotics Facility  
  27  2:33  Sentry (Chrono Boost)  
  27  2:36  Probe (Chrono Boost)  
  31  2:42  Probe (Chrono Boost)  
  31  2:46  Probe (Chrono Boost)  
  31  2:50  Probe (Chrono Boost), Stalker  
  31  2:51  Probe (Chrono Boost)  
  36  2:59  Phoenix  
  36  3:00  Probe  
  36  3:02  Probe  
  36  3:03  Pylon  
  38  3:13  Probe  
  38  3:14  Immortal (Chrono Boost)  
  38  3:15  Probe  
  44  3:26  Probe  
  41  3:41  Probe (Chrono Boost)  
  40  3:45  Probe (Chrono Boost)  
  40  3:47  Warp Prism (Chrono Boost)  
  43  3:54  Probe (Chrono Boost), Gateway  
  43  3:55  Probe (Chrono Boost)  
  45  3:57  Gateway  
  45  4:01  Probe  
  46  4:02  Probe  
  47  4:10  Shield Battery  
  47  4:13  Probe  
  47  4:15  Probe, Stalker  
  51  4:21  Pylon, Observer (Chrono Boost)  
  52  4:25  Probe  
  52  4:29  Pylon  
  52  4:31  Probe  
  54  4:39  Probe  
  54  4:40  Observer  
  54  4:42  Pylon  
  54  4:45  Stalker  
  58  4:49  Stalker  
  58  4:52  Probe x2  
  62  5:03  Twilight Council  
  62  5:04  Probe, Assimilator  
  62  5:05  Assimilator  
  62  5:06  Probe, Forge  
  64  5:18  Probe  
  65  5:26  Immortal  
  69  5:30  Nexus  
  69  5:34  Probe x2  
  71  5:42  Charge, Pylon, Protoss Ground Armor Level 1  
  71  5:48  Templar Archives  
  71  5:52  Probe x2  
  73  6:04  Probe  
  78  6:11  Immortal  
  78  6:17  Sentry x2  
  78  6:18  Zealot  
  84  6:22  Probe x2  
  84  6:23  Gateway  
  86  6:26  Gateway  
  86  6:30  Gateway  
  86  6:32  Robotics Bay  
  86  6:42  Probe x2, Pylon  
  88  6:52  Probe  
  89  6:54  Probe x2  
  89  6:55  Pylon  
  89  6:57  Gateway  
  89  6:58  Gateway  
  91  7:02  Pylon  
  91  7:04  Probe  
  92  7:10  Zealot x3  
  92  7:14  Immortal  
  100  7:21  Probe  
  96  7:26  Probe  
  96  7:28  Zealot x3  
  89  7:31  Zealot  
  86  7:41  High Templar x2  
  90  7:47  Archon  
  90  7:49  Probe  
  90  7:50  Stalker  
  93  7:57  Probe x2  
  95  7:58  Colossus (Chrono Boost)  
  95  8:01  Probe  
  102  8:11  Probe x2  
  104  8:19  Probe  
  105  8:20  Probe  
  105  8:21  Probe  
  105  8:23  Zealot x3  
  113  8:29  Probe  
  113  8:30  Probe  
  113  8:31  Probe  
  115  8:35  Stalker  
  116  8:43  Probe, Pylon  
Show
View Real Time Build Order
Export as new Build Order

SpeCial Terran - Winner!

Build Orders:  

Get SALT Encoding   

  12  0:00  SCV  
  13  0:13  SCV  
  14  0:17  Supply Depot  
  14  0:25  SCV  
  15  0:38  SCV  
  15  0:40  Barracks  
  16  0:43  Refinery  
  16  0:50  SCV  
  17  1:02  SCV  
  18  1:14  SCV  
  19  1:27  Marine, Orbital Command  
  20  1:47  Command Center  
  20  1:52  Factory  
  21  1:54  SCV  
  21  2:02  Barracks Reactor  
  21  2:06  SCV  
  22  2:10  Supply Depot  
  22  2:12  Refinery  
  22  2:18  SCV  
  23  2:32  SCV  
  24  2:38  Starport  
  24  2:42  Hellion x2  
  28  2:44  SCV  
  28  2:46  Barracks Tech Lab  
  29  2:56  SCV  
  30  3:00  Orbital Command  
  30  3:08  SCV  
  30  3:11  Marine x2  
  33  3:14  Widow Mine  
  35  3:20  SCV  
  35  3:22  Supply Depot  
  39  3:28  SCV  
  39  3:32  Marine  
  39  3:33  SCV  
  42  3:38  Factory Tech Lab  
  42  3:40  Marine, SCV  
  40  3:45  SCV  
  40  3:47  Raven  
  40  3:51  Supply Depot  
  40  3:52  SCV  
  40  3:53  Marine  
  42  3:57  SCV  
  42  3:58  Marine  
  44  4:05  SCV  
  44  4:07  Command Center  
  44  4:09  Siege Tank  
  48  4:11  SCV  
  48  4:15  Marine  
  48  4:16  Supply Depot  
  50  4:17  Marine  
  50  4:19  SCV  
  50  4:24  SCV  
  53  4:31  SCV  
  53  4:33  Marine  
  53  4:35  Marine, Barracks  
  53  4:37  Barracks  
  53  4:38  SCV  
  57  4:43  SCV  
  57  4:45  Siege Tank  
  61  4:50  SCV  
  61  4:51  Marine  
  61  4:52  Marine, Starport Reactor, Refinery x2  
  64  5:00  SCV  
  64  5:02  SCV  
  64  5:06  Engineering Bay  
  66  5:07  Engineering Bay  
  66  5:09  Marine  
  66  5:10  Marine  
  66  5:12  SCV  
  69  5:14  SCV  
  69  5:20  Orbital Command  
  70  5:24  SCV  
  70  5:26  SCV  
  72  5:30  Marine  
  72  5:31  Stimpack  
  72  5:33  Terran Infantry Weapons Level 1, Terran Infantry Armor Level 1  
  71  5:36  SCV  
  71  5:38  SCV  
  71  5:41  Supply Depot, Orbital Command  
  71  5:42  Factory Reactor  
  73  5:45  Marine x2, Barracks  
  73  5:48  SCV  
  76  5:50  Medivac  
  76  5:51  Barracks  
  76  5:53  Viking  
  80  5:59  SCV  
  80  6:00  SCV  
  80  6:04  Supply Depot, Marauder  
  82  6:07  SCV  
  82  6:11  SCV  
  82  6:12  SCV  
  82  6:13  Marine x2  
  85  6:19  SCV  
  85  6:23  SCV  
  85  6:24  SCV  
  85  6:25  Marauder x2  
  92  6:29  Medivac  
  92  6:31  SCV, Marine x2  
  92  6:32  Medivac  
  99  6:34  Barracks Tech Lab  
  99  6:35  SCV  
  99  6:36  SCV  
  101  6:43  Supply Depot  
  101  6:44  Supply Depot  
  101  6:46  SCV, Barracks Reactor  
  102  6:47  SCV  
  102  6:49  SCV  
  104  6:55  Marine  
  104  6:56  Marine, Armory  
  104  6:58  SCV, Marauder  
  109  7:02  Combat Shield  
  109  7:05  SCV, Marauder x2  
  109  7:06  SCV  
  115  7:12  SCV  
  116  7:17  Marine  
  116  7:18  Marine  
  116  7:19  Marauder  
  118  7:26  SCV, Marauder x2  
  118  7:28  Medivac x2  
  117  7:31  SCV, Widow Mine x2  
  117  7:35  SCV  
  117  7:38  Marine x3, SCV  
  117  7:40  Marauder  
  117  7:43  Refinery  
  122  7:44  Refinery  
  122  7:45  Sensor Tower  
  122  7:46  Supply Depot  
  122  7:50  Marine x2  
  122  7:51  Marauder  
  124  7:55  Marine  
  125  8:03  Marine  
  125  8:04  Widow Mine x2, Marauder  
  125  8:05  Missile Turret  
  130  8:11  Concussive Shells  
  130  8:14  Marine x4  
  130  8:15  Marine  
  135  8:22  Ghost Academy  
  135  8:23  Missile Turret  
  135  8:27  Supply Depot x2  
  135  8:33  Command Center  
  135  8:39  Marine x2  
  135  8:40  Marauder x2  
  141  8:42  Missile Turret  
  141  8:43  Marine  
  141  8:47  Marine  
  129  9:04  Starport  

Tags
 
Add a new tag
Caveats
  • Supply blocks, unpowered buildings, or Contaminate may cause inaccurate times.
  • Supply counts are checked every 10 seconds.